| TOP OF THE 1ST |
|
Augusta GreenJackets batting - Pitching for Dayton Dragons : RHP Gil Villanueva
|
|
Pitching: RHP Gil Villanueva
|
|
|
Batting: RHB Ryan Bentz
|
0-0: Called Strike 0-1: Bunt missed! 0-2: Ball 1-2: Foul Ball, location: 2F 1-2: Ball 2-2: Ball 3-2: Base on Balls
|
|
Batting: RHB Armando Ramirez
|
0-0: Called Strike 0-1: Ball Pickoff Play to 1st, Runner tries for 2nd, OUT after rundown. 1-1: Called Strike 1-2: Strikes out looking
|
|
Batting: RHB Coen Dirks
|
0-0: Fly out, F7 (Flyball, 7, EV 96.2 MPH)
|
| Top of the 1st over - 0 runs, 0 hits, 0 errors, 0 left on base; Augusta 0 - Dayton 0 |
| BOTTOM OF THE 1ST |
|
Dayton Dragons batting - Pitching for Augusta GreenJackets : LHP Ricky Coats
|
|
Pitching: LHP Ricky Coats
|
|
|
Batting: LHB Leo Gomez
|
0-0: Called Strike 0-1: Ball 1-1: Ball 2-1: Ball 3-1: Called Strike 3-2: Foul Ball, location: 2F 3-2: Base on Balls
|
|
Batting: RHB Chris Zamora
|
0-0: Called Strike Leo Gomez steals 2nd base (no throw) 0-1: Called Strike Leo Gomez steals 3rd base 0-2: Ball 1-2: Ball 2-2: Ground out 6-3 (Groundball, 6, EV 105.6 MPH) Leo Gomez scores
|
|
Batting: RHB Andy Bachman
|
0-0: Ball 1-0: Fly out, F9 (Flyball, 89D, EV 88.8 MPH)
|
|
Batting: RHB Mark Williams
|
0-0: Ball 1-0: Called Strike 1-1: Ball 2-1: Ball 3-1: Base on Balls
|
|
Batting: RHB Jake Savell
|
0-0: Called Strike Mark Williams steals 2nd base 0-1: Ball 1-1: Ground out 5-3 (Groundball, 56, EV 81.2 MPH)
|
| Bottom of the 1st over - 1 run, 0 hits, 0 errors, 1 left on base; Augusta 0 - Dayton 1 |
| TOP OF THE 2ND |
|
Augusta GreenJackets batting - Pitching for Dayton Dragons : RHP Gil Villanueva
|
|
Batting: LHB Mike Roberts
|
0-0: Foul Ball, location: 2F 0-1: Ball 1-1: Called Strike 1-2: Strikes out swinging
|
|
Batting: RHB Ryan Roberts
|
0-0: Ball 1-0: Ball 2-0: Called Strike 2-1: Called Strike 2-2: Fly out, F9 (Flyball, 89D, EV 96.9 MPH)
|
|
Batting: LHB Alex Larangho
|
0-0: Called Strike 0-1: Swinging Strike 0-2: Foul Ball, location: 2F 0-2: DOUBLE (Groundball, 3L, EV 105.0 MPH)
|
|
Batting: RHB Tsugio Yamaguchi
|
0-0: Ball 1-0: Foul Ball, location: 2F 1-1: Swinging Strike 1-2: Foul Ball, location: 2F 1-2: Strikes out swinging
|
| Top of the 2nd over - 0 runs, 1 hit, 0 errors, 1 left on base; Augusta 0 - Dayton 1 |
| BOTTOM OF THE 2ND |
|
Dayton Dragons batting - Pitching for Augusta GreenJackets : LHP Ricky Coats
|
|
Pitching: RHP Ricky Fo
|
|
|
Batting: LHB Matt Kennedy
|
0-0: Ball 1-0: Called Strike 1-1: Swinging Strike 1-2: Strikes out swinging
|
|
Batting: RHB Aaron Barraza
|
0-0: Called Strike 0-1: Called Strike 0-2: Foul Ball, location: 2F 0-2: Ball 1-2: SINGLE (Groundball, 34D, EV 103.1 MPH)
|
|
Batting: LHB Chris Redhead
|
0-0: Ball 1-0: Ball 2-0: Ball 3-0: Called Strike 3-1: Base on Balls Aaron Barraza to second
|
|
Batting: RHB Yutaka Sato
|
0-0: Ball 1-0: Called Strike 1-1: Called Strike 1-2: Strikes out swinging
|
|
Batting: LHB Leo Gomez
|
0-0: Called Strike 0-1: Ball 1-1: Ball 2-1: Ball 3-1: Base on Balls Aaron Barraza to third Chris Redhead to second
|
|
Batting: RHB Chris Zamora
|
0-0: Ball 1-0: Called Strike 1-1: Ball 2-1: Ball 3-1: SINGLE (Groundball, 6, EV 96.9 MPH) Aaron Barraza scores Chris Redhead to third Leo Gomez to second Runner from 3rd tries for Home, SAFE, throw by CF to home
|
|
Batting: RHB Andy Bachman
|
0-0: Ball 1-0: Called Strike 1-1: Foul Ball, location: 2F 1-2: Ball 2-2: Foul Ball, location: 2F 2-2: Ball 3-2: Foul Ball, location: 2F 3-2: Base on Balls Leo Gomez to third Chris Zamora to second
|
|
Batting: RHB Mark Williams
|
0-0: Ball 1-0: Ball 2-0: Called Strike 2-1: GRAND SLAM HOME RUN (Flyball, 7D, EV 96.2 MPH), Distance : 371 ft
|
|
Pitching: RHP Kevin Spencer
|
|
|
Batting: RHB Jake Savell
|
0-0: Fly out, F9 (Line Drive, 9S, EV 96.9 MPH)
|
| Bottom of the 2nd over - 6 runs, 3 hits, 0 errors, 0 left on base; Augusta 0 - Dayton 7 |
| TOP OF THE 3RD |
|
Augusta GreenJackets batting - Pitching for Dayton Dragons : RHP Gil Villanueva
|
|
Batting: RHB Teruhide Horiuchi
|
0-0: Ball 1-0: Foul Ball, location: 2F 1-1: Ball 2-1: Foul Ball, location: 2F 2-2: Foul Ball, location: 2F 2-2: Ball 3-2: SINGLE (Groundball, 34D, EV 99.4 MPH)
|
|
Batting: RHB Chris Kulik
|
0-0: Foul Ball, location: 2F 0-1: Foul Ball, location: 2F 0-2: Strikes out swinging
|
|
Batting: RHB Ryan Bentz
|
0-0: Called Strike 0-1: Ball 1-1: Foul Ball, location: 2F 1-2: Strikes out swinging
|
|
Batting: RHB Armando Ramirez
|
0-0: Ball 1-0: Ball 2-0: Ground out 4-3 (Groundball, 4S, EV 84.4 MPH)
|
| Top of the 3rd over - 0 runs, 1 hit, 0 errors, 1 left on base; Augusta 0 - Dayton 7 |
| BOTTOM OF THE 3RD |
|
Dayton Dragons batting - Pitching for Augusta GreenJackets : RHP Kevin Spencer
|
|
Batting: LHB Matt Kennedy
|
0-0: Ball 1-0: Foul Ball, location: 2F 1-1: Swinging Strike 1-2: Strikes out swinging
|
|
Batting: RHB Aaron Barraza
|
0-0: Foul Ball, location: 2F 0-1: Foul Ball, location: 2F 0-2: Ball 1-2: Ground out 4-3 (Groundball, 4M, EV 85.0 MPH)
|
|
Batting: LHB Chris Redhead
|
0-0: Ball 1-0: Foul Ball, location: 2F 1-1: Foul Ball, location: 2F 1-2: Ball 2-2: Ball 3-2: Foul Ball, location: 2F 3-2: Strikes out swinging
|
| Bottom of the 3rd over - 0 runs, 0 hits, 0 errors, 0 left on base; Augusta 0 - Dayton 7 |
| TOP OF THE 4TH |
|
Augusta GreenJackets batting - Pitching for Dayton Dragons : RHP Gil Villanueva
|
|
Batting: RHB Coen Dirks
|
0-0: Foul Ball, location: 2F 0-1: Called Strike 0-2: Ball 1-2: Ground out 1-3 (Groundball, P, EV 72.5 MPH)
|
|
Batting: LHB Mike Roberts
|
0-0: SOLO HOME RUN (Flyball, 9D, EV 96.9 MPH), Distance : 368 ft
|
|
Batting: RHB Ryan Roberts
|
0-0: Ball 1-0: Ball 2-0: Foul Ball, location: 2F 2-1: Ball 3-1: Swinging Strike 3-2: Strikes out swinging
|
|
Batting: LHB Alex Larangho
|
0-0: Ball 1-0: Called Strike 1-1: Swinging Strike 1-2: Strikes out swinging
|
| Top of the 4th over - 1 run, 1 hit, 0 errors, 0 left on base; Augusta 1 - Dayton 7 |
| BOTTOM OF THE 4TH |
|
Dayton Dragons batting - Pitching for Augusta GreenJackets : RHP Kevin Spencer
|
|
Batting: RHB Yutaka Sato
|
0-0: Foul Ball, location: 2F 0-1: Ball 1-1: Ball 2-1: Ball 3-1: Ground out 1-3 (Groundball, 13S, EV 70.6 MPH)
|
|
Batting: LHB Leo Gomez
|
0-0: Foul Ball, location: 2F 0-1: Ball 1-1: Foul Ball, location: 2F 1-2: Ground out 4-3 (Groundball, 4, EV 92.5 MPH)
|
|
Batting: RHB Chris Zamora
|
0-0: Ball 1-0: Ball 2-0: Foul Ball, location: 2F 2-1: Foul Ball, location: 2F 2-2: Fly out, F8 (Flyball, 8RD, EV 85.6 MPH)
|
| Bottom of the 4th over - 0 runs, 0 hits, 0 errors, 0 left on base; Augusta 1 - Dayton 7 |
| TOP OF THE 5TH |
|
Augusta GreenJackets batting - Pitching for Dayton Dragons : RHP Gil Villanueva
|
|
Batting: RHB Tsugio Yamaguchi
|
0-0: Called Strike 0-1: Fly out, F2 (Popup, 25F, EV 84.4 MPH)
|
|
Batting: RHB Teruhide Horiuchi
|
0-0: Ball 1-0: Called Strike 1-1: Ground out 4-3 (Groundball, 4, EV 87.5 MPH)
|
|
Batting: RHB Chris Kulik
|
0-0: Swinging Strike 0-1: Ball 1-1: Ball 2-1: Called Strike 2-2: Strikes out swinging
|
| Top of the 5th over - 0 runs, 0 hits, 0 errors, 0 left on base; Augusta 1 - Dayton 7 |
| BOTTOM OF THE 5TH |
|
Dayton Dragons batting - Pitching for Augusta GreenJackets : RHP Kevin Spencer
|
|
Batting: RHB Andy Bachman
|
0-0: Ball 1-0: SINGLE (Line Drive, 8RS, EV 90.0 MPH)
|
|
Batting: RHB Mark Williams
|
0-0: Swinging Strike 0-1: Ball 1-1: Ball 2-1: Ball Wild Pitch! Andy Bachman to second 3-1: Base on Balls
|
|
Batting: RHB Jake Savell
|
0-0: Ball 1-0: SINGLE (Groundball, 4D, EV 101.2 MPH) Andy Bachman to third Mark Williams to second
|
|
Batting: LHB Matt Kennedy
|
0-0: Foul Ball, location: 2F 0-1: Ball 1-1: Ball 2-1: Swinging Strike 2-2: Ball 3-2: Base on Balls Andy Bachman scores Mark Williams to third Jake Savell to second
|
|
Pitching: RHP Sanya Mikushevich
|
|
|
Batting: RHB Aaron Barraza
|
0-0: SINGLE (Groundball, 4D, EV 95.6 MPH) Mark Williams scores Jake Savell to third Matt Kennedy to second Runner from 3rd tries for Home, SAFE, throw by RF to home
|
|
Batting: LHB Chris Redhead
|
0-0: Ball 1-0: Called Strike 1-1: DOUBLE (Flyball, 89D, EV 110.6 MPH) Matt Kennedy scores Aaron Barraza to third
|
|
Batting: RHB Yutaka Sato
|
0-0: Swinging Strike 0-1: Ball 1-1: Called Strike 1-2: Ground out 6-3 (Groundball, 6, EV 86.9 MPH) Aaron Barraza scores
|
|
Batting: LHB Leo Gomez
|
0-0: Ball 1-0: Ball 2-0: Called Strike 2-1: Fly out, F9 (Flyball, 9, EV 75.6 MPH)
|
|
Batting: RHB Chris Zamora
|
0-0: Called Strike 0-1: 2-RUN HOME RUN (Flyball, 89XD, EV 100.6 MPH), Distance : 383 ft
|
|
Batting: RHB Andy Bachman
|
0-0: Foul Ball, location: 2F 0-1: Ball 1-1: Ball 2-1: Ground out U3 (Groundball, 34, EV 108.8 MPH)
|
| Bottom of the 5th over - 7 runs, 5 hits, 0 errors, 0 left on base; Augusta 1 - Dayton 14 |
| TOP OF THE 6TH |
|
Augusta GreenJackets batting - Pitching for Dayton Dragons : RHP Gil Villanueva
|
|
Batting: RHB Ryan Bentz
|
0-0: Foul Ball, location: 2F 0-1: Fly out, F7 (Line Drive, 7LM, EV 96.2 MPH)
|
|
Batting: RHB Armando Ramirez
|
0-0: Ball 1-0: Ball 2-0: Ground out 2-3 (Groundball, 15S, EV 70.0 MPH)
|
|
Batting: RHB Coen Dirks
|
0-0: Called Strike 0-1: Fly out, F8 (Flyball, 78D, EV 95.6 MPH)
|
| Top of the 6th over - 0 runs, 0 hits, 0 errors, 0 left on base; Augusta 1 - Dayton 14 |
| BOTTOM OF THE 6TH |
|
Dayton Dragons batting - Pitching for Augusta GreenJackets : RHP Sanya Mikushevich
|
|
Batting: RHB Mark Williams
|
0-0: SINGLE (Groundball, 6MD, EV 100.0 MPH)
|
|
Batting: RHB Jake Savell
|
0-0: Ball 1-0: Fielders Choice at 2nd, 3-6 (Groundball, 34, EV 86.9 MPH)
|
|
Batting: LHB Matt Kennedy
|
0-0: Foul Ball, location: 2F 0-1: Ball 1-1: Ball 2-1: Called Strike 2-2: Fly out, F8 (Line Drive, 8RS, EV 94.4 MPH)
|
|
Batting: RHB Aaron Barraza
|
0-0: Ball 1-0: Swinging Strike 1-1: Fielders Choice at 2nd, 6-4 (Groundball, 56, EV 105.0 MPH)
|
| Bottom of the 6th over - 0 runs, 1 hit, 0 errors, 1 left on base; Augusta 1 - Dayton 14 |
| TOP OF THE 7TH |
|
Augusta GreenJackets batting - Pitching for Dayton Dragons : RHP Gil Villanueva
|
|
Pinch Hitting: LHB Takaaki Nishimoto
|
0-0: Ball 1-0: Foul Ball, location: 2F 1-1: Ball 2-1: Swinging Strike 2-2: Strikes out swinging
|
|
Batting: RHB Ryan Roberts
|
0-0: Called Strike 0-1: Swinging Strike 0-2: Foul Ball, location: 2F 0-2: Strikes out swinging
|
|
Batting: LHB Alex Larangho
|
0-0: Called Strike 0-1: Called Strike 0-2: Ground out U3 (Groundball, 3L, EV 75.6 MPH)
|
| Top of the 7th over - 0 runs, 0 hits, 0 errors, 0 left on base; Augusta 1 - Dayton 14 |
| BOTTOM OF THE 7TH |
|
Dayton Dragons batting - Pitching for Augusta GreenJackets : RHP Sanya Mikushevich
|
|
Pitching: RHP Brian Yinger
|
|
|
Now at 1B: Takaaki Nishimoto
|
|
|
Pinch Hitting: LHB Gabe Morales
|
0-0: Ball 1-0: Foul Ball, location: 2F 1-1: Ball 2-1: Foul Ball, location: 2F 2-2: Foul Ball, location: 2F 2-2: Strikes out swinging
|
|
Batting: RHB Yutaka Sato
|
0-0: Called Strike 0-1: Foul Ball, location: 2F 0-2: Ball 1-2: Ball 2-2: Ball 3-2: Foul Ball, location: 2F 3-2: Base on Balls
|
|
Batting: LHB Leo Gomez
|
0-0: Foul Ball, location: 2F 0-1: Fly out, F8 (Flyball, 8RS, EV 85.6 MPH)
|
|
Pinch Hitting: RHB Al Blanchard
|
0-0: Called Strike 0-1: Fly out, F4 (Line Drive, 4, EV 64.4 MPH)
|
| Bottom of the 7th over - 0 runs, 0 hits, 0 errors, 1 left on base; Augusta 1 - Dayton 14 |
| TOP OF THE 8TH |
|
Augusta GreenJackets batting - Pitching for Dayton Dragons : RHP Gil Villanueva
|
|
Now at 3B: Al Blanchard
|
|
|
Now in LF: Gabe Morales
|
|
|
Batting: RHB Tsugio Yamaguchi
|
0-0: Ball 1-0: Ball 2-0: Ball 3-0: Called Strike 3-1: Foul Ball, location: 2F 3-2: Fly out, F9 (Flyball, 9, EV 85.0 MPH)
|
|
Pitching: RHP Aaron McArdle
|
|
|
Batting: RHB Teruhide Horiuchi
|
0-0: Ball 1-0: Ball 2-0: Swinging Strike 2-1: Ball 3-1: DOUBLE (Line Drive, 8LD, EV 107.5 MPH)
|
|
Batting: RHB Chris Kulik
|
0-0: Called Strike 0-1: Foul Ball, location: 2F 0-2: Foul Ball, location: 2F 0-2: Ball 1-2: Ball 2-2: Ball 3-2: Base on Balls
|
|
Batting: RHB Ryan Bentz
|
0-0: Ball 1-0: Called Strike 1-1: SINGLE (Flyball, 56D, EV 94.4 MPH) Teruhide Horiuchi to third Chris Kulik to second
|
|
Pitching: RHP Brian Trejo
|
|
|
Batting: RHB Armando Ramirez
|
0-0: Called Strike 0-1: Ball 1-1: Fly out, F9 (Line Drive, 9S, EV 100.0 MPH)
|
|
Batting: RHB Coen Dirks
|
0-0: SINGLE (Groundball, 56D, EV 108.1 MPH) Teruhide Horiuchi scores Chris Kulik to third Ryan Bentz to second
|
|
Batting: LHB Takaaki Nishimoto
|
0-0: Fly out, F8 (Flyball, 89M, EV 94.4 MPH)
|
| Top of the 8th over - 1 run, 3 hits, 0 errors, 3 left on base; Augusta 2 - Dayton 14 |
| BOTTOM OF THE 8TH |
|
Dayton Dragons batting - Pitching for Augusta GreenJackets : RHP Brian Yinger
|
|
Batting: RHB Andy Bachman
|
0-0: Called Strike 0-1: Called Strike 0-2: Hit by Pitch
|
|
Batting: RHB Mark Williams
|
0-0: Reached on error, E5 (Groundball, 56, EV 96.2 MPH) Andy Bachman to second
|
|
Batting: RHB Jake Savell
|
0-0: Hit by Pitch Andy Bachman to third Mark Williams to second
|
|
Batting: LHB Matt Kennedy
|
0-0: Fly out, F4 (Popup, 4S, EV 78.1 MPH)
|
|
Batting: RHB Aaron Barraza
|
0-0: Ball 1-0: Foul Ball, location: 2F 1-1: Called Strike 1-2: Foul Ball, location: 2F 1-2: Ball 2-2: Fly out, F5 (Line Drive, 5L, EV 73.8 MPH)
|
|
Batting: LHB Gabe Morales
|
0-0: Ball 1-0: Swinging Strike 1-1: Called Strike 1-2: Strikes out swinging
|
| Bottom of the 8th over - 0 runs, 0 hits, 1 error, 3 left on base; Augusta 2 - Dayton 14 |
| TOP OF THE 9TH |
|
Augusta GreenJackets batting - Pitching for Dayton Dragons : RHP Brian Trejo
|
|
Pinch Hitting: RHB Mike Storey
|
0-0: Ball 1-0: Ground out 5-3 (Groundball, 56S, EV 61.9 MPH)
|
|
Batting: LHB Alex Larangho
|
0-0: Ball 1-0: Foul Ball, location: 2F 1-1: Ball 2-1: Foul Ball, location: 2F 2-2: Ball 3-2: Foul Ball, location: 2F 3-2: Strikes out swinging
|
|
Batting: RHB Tsugio Yamaguchi
|
0-0: Ball 1-0: Called Strike 1-1: Ground out 3-1 (Groundball, 34S, EV 80.0 MPH)
|
| Top of the 9th over - 0 runs, 0 hits, 0 errors, 0 left on base; Augusta 2 - Dayton 14 |
|